AoeStats
← B12 Official

Black Forest

507873595Analyzed
4v4 RM · 11d ago on Sep 20, 2026· 70m 42s· 8 players
Game mode
Random Map
Map size
Large (8 player)
Population
200
Speed
Normal
Resources
Standard
Victory
Conquest
Starting age
Dark Age
Ending age
Imperial Age
RankedLock teamsTeams togetherTeam positionsShared explorationLock speedFull tech treeHidden civsTurbo modeCheats
Victory
Defeat
🇲🇽 Byzantines · Mexico
809
+12
🇨🇴 Khmer · Colombia
713
+16
🇧🇷 Italians · Brazil
665
+18
🇨🇦 Tatars · Canada
570
+20
🇺🇸 Bohemians · United States
721
-17
🇺🇸 Khmer · United States
716
-17
🇺🇸 Britons · United States
698
-16
🇺🇸 Franks · United States
680
-16
Hiddenninja
0:34 Loom
10:52 Feudal Age
16:14 Castle Age
15:18 Double-Bit Axe
15:14 Horse Collar
19:18 Bow Saw
23:13 Wheelbarrow
24:01 Heavy Plow
26:29 Hand Cart
29:43 Town Watch
32:35 Imperial Age
30:21 Treadmill Crane
31:20 Fervor
31:44 Sanctity
31:51 Fortified Wall
31:52 Masonry
32:05 Ballistics
32:54 Caravan
34:28 Chemistry
34:57 Two-Man Saw
38:04 Houfnice
41:09 Architecture
40:45 Siege Engineers
41:14 Architecture
41:09 Conscription
41:00 Hussite Reforms
Haaner
1:11 Loom
14:32 Feudal Age
18:51 Castle Age
18:03 Wheelbarrow
17:20 Double-Bit Axe
18:11 Horse Collar
20:38 Bow Saw
24:59 Gold Mining
24:59 Stone Mining
25:08 Stone Mining
28:47 Stone Shaft Mining
28:51 Gold Shaft Mining
29:51 Bloodlines
29:43 Husbandry
30:28 Hand Cart
36:00 Imperial Age
34:24 Crossbowman
36:08 Elite Battle Elephant
37:25 Ballistics
38:06 Chemistry
38:24 Fortified Wall
39:42 Caravan
40:22 Conscription
43:33 Scale Barding Armor
43:00 Heavy Scorpion
43:45 Double Crossbow
43:47 Tusk Swords
46:38 Elite Ballista Elephant
ZippyCoyote
0:49 Loom
12:03 Feudal Age
13:21 Wheelbarrow
13:13 Double-Bit Axe
15:52 Gold Mining
15:53 Stone Mining
18:58 Horse Collar
23:18 Castle Age
23:26 Forging
23:07 Fletching
23:18 Padded Archer Armor
23:19 Scale Mail Armor
23:25 Scale Barding Armor
25:29 Hand Cart
27:35 Gold Shaft Mining
28:34 Bow Saw
30:55 Iron Casting
30:16 Bodkin Arrow
30:36 Leather Archer Armor
30:37 Chain Mail Armor
30:44 Murder Holes
31:47 Ballistics
37:23 Imperial Age
36:53 Caravan
39:28 Chemistry
39:04 Ring Archer Armor
39:05 Plate Mail Armor
39:23 Conscription
40:30 Bracer
41:33 Blast Furnace
42:05 Two-Man Saw
42:05 Heavy Plow
43:16 Elite Longbowman
B12 Official
9:30 Loom
13:34 Feudal Age
18:03 Double-Bit Axe
21:54 Castle Age
28:37 Husbandry
28:58 Bow Saw
32:26 Ballistics
34:51 Imperial Age
37:28 Conscription
40:10 Cavalier
Carpeado BR
0:28 Loom
12:54 Feudal Age
22:21 Castle Age
21:03 Stone Mining
21:04 Gold Mining
22:27 Double-Bit Axe
23:28 Horse Collar
24:35 Town Watch
25:13 Heavy Plow
25:33 Bow Saw
30:11 Wheelbarrow
33:55 Hand Cart
34:08 Fortified Wall
34:20 Ballistics
35:09 Stone Shaft Mining
35:38 Town Patrol
37:27 Silk Road
37:13 Caravan
37:38 Fletching
37:50 Scale Mail Armor
38:01 Forging
40:43 Imperial Age
38:39 Treadmill Crane
39:11 Masonry
38:57 Murder Holes
39:07 Squires
38:54 Arson
42:15 Hoardings
41:51 Pirotechnia
42:03 Conscription
42:58 Chemistry
42:58 Crop Rotation
43:50 Two-Man Saw
43:55 Forging
43:46 Scale Mail Armor
43:42 Bodkin Arrow
43:48 Padded Archer Armor
45:02 Pikeman
46:04 Chain Mail Armor
46:25 Iron Casting
46:54 Thumb Ring
46:14 Elite Skirmisher
51:27 Blast Furnace
50:58 Plate Mail Armor
50:29 Bracer
50:45 Leather Archer Armor
53:57 Onager
ImSoNooB
0:32 Loom
10:45 Feudal Age
12:22 Wheelbarrow
11:33 Town Watch
24:01 Castle Age
25:46 Hand Cart
25:32 Town Patrol
27:48 Double-Bit Axe
32:33 Horse Collar
32:39 Elite Skirmisher
35:45 Heavy Plow
39:53 Ballistics
39:29 Murder Holes
39:14 Treadmill Crane
44:53 Gold Mining
45:03 Stone Mining
49:27 Imperial Age
48:20 Gold Shaft Mining
50:11 Heavy Cavalry Archer
50:15 Crossbowman
50:21 Elite Keshik
53:16 Chemistry
53:50 Forging
53:31 Fletching
53:41 Scale Mail Armor
53:42 Padded Archer Armor
53:48 Scale Barding Armor
54:16 Crop Rotation
53:15 Pikeman
53:56 Squires
53:41 Arson
57:56 Silk Armor
58:07 Timurid Siegecraft
58:22 Conscription
59:20 Bodkin Arrow
59:41 Leather Archer Armor
60:01 Iron Casting
59:47 Chain Barding Armor
64:33 Blast Furnace
63:33 Bracer
64:04 Ring Archer Armor
64:09 Plate Barding Armor
leon_skennedy96
0:27 Loom
15:27 Feudal Age
20:09 Castle Age
19:09 Man-at-Arms
20:22 Padded Archer Armor
30:39 Horse Collar
30:58 Pikeman
32:07 Leather Archer Armor
33:21 Long Swordsman
34:29 Arson
35:07 Heavy Plow
36:46 Scale Barding Armor
39:19 Double-Bit Axe
40:16 Wheelbarrow
39:58 Gold Mining
41:23 Forging
41:14 Scale Mail Armor
45:18 Imperial Age
43:35 Iron Casting
43:16 Chain Mail Armor
44:09 Fletching
45:17 Fervor
45:36 Stone Mining
46:23 Gold Shaft Mining
45:47 Bodkin Arrow
45:57 Husbandry
45:30 Halberdier
46:11 Squires
45:56 Gambesons
46:34 Bracer
47:07 Plate Mail Armor
47:51 Ring Archer Armor
47:29 Heavy Camel Rider
49:39 Crop Rotation
49:21 Bow Saw
52:52 Conscription
51:54 Elite Cataphract
53:10 Logistica
55:21 Stone Shaft Mining
55:36 Chain Barding Armor
54:40 Cavalier
54:43 Light Cavalry
56:52 Hoardings
56:10 Elite Skirmisher
56:57 Thumb Ring
56:13 Heavy Cavalry Archer
56:14 Crossbowman
57:02 Caravan
57:34 Coinage
57:59 Block Printing
58:07 Sanctity
58:14 Illumination
58:27 Theocracy
58:14 Heresy
57:56 Devotion
58:13 Redemption
58:06 Arbalester
58:31 Two-Handed Swordsman
59:08 Champion
62:24 Chemistry
63:44 Paladin
63:46 Hussar
64:44 Treadmill Crane
[tgri]gio.ank
12:18 Feudal Age
16:33 Castle Age
14:40 Horse Collar
15:38 Double-Bit Axe
19:08 Wheelbarrow
19:08 Heavy Plow
19:40 Bow Saw
22:48 Hand Cart
23:59 Stone Mining
31:09 Imperial Age
29:08 Scale Barding Armor
29:46 Stone Shaft Mining
29:06 Gold Mining
30:46 Gold Shaft Mining
30:36 Chain Barding Armor
31:48 Forging
31:57 Double Crossbow
33:13 Chemistry
33:02 Conscription
34:42 Plate Barding Armor
36:04 Iron Casting
36:04 Elite Ballista Elephant
36:46 Tusk Swords
38:09 Blast Furnace
39:13 Husbandry
39:46 Caravan
40:07 Bloodlines
39:19 Light Cavalry
39:52 Fletching
40:03 Scale Mail Armor
41:38 Bodkin Arrow
42:41 Bracer
42:42 Padded Archer Armor
48:17 Siege Engineers
47:39 Hussar
59:47 Chain Mail Armor
59:48 Leather Archer Armor
Connection lost

Rejoining the realm…

Still unreachable

The connection could not be restored.

Session expired

The server has moved on; the page needs a fresh start.